 Dungeon Crawl Stone Soup version 0.27-a0-249-g74f53ef629 (webtiles) character file.

Game seed: 16380408264813745436

90 rebelwolf the Covered (level 4, 0/28 HPs)
             Began as a Gargoyle Fighter on Feb 3, 2021.
             Slain by a water moccasin (6 damage)
             ... on level 3 of the Dungeon.
             The game lasted 00:06:42 (2985 turns).

rebelwolf the Covered (Gargoyle Fighter)            Turns: 2985, Time: 00:06:42

Health: 0/28       AC: 11    Str: 21    XL:     4   Next: 56%
Magic:  4/4        EV:  7    Int:  8    God:
Gold:   108        SH:  9    Dex:  9    Spells: 3/3 levels left

rFire    . . .     SeeInvis .     - Unarmed
rCold    . . .     Faith    .   b - +0 kite shield
rNeg     + . .     Spirit   .   a - +0 scale mail
rPois    ∞         Reflect  .   (no helmet)
rElec    +         Harm     .   (no cloak)
rCorr    .         Rampage  .   i - +0 pair of gloves
Will     .....                  (no boots)
Stlth    ..........             (no amulet)
HPRegen  0.09/turn              (no ring)
MPRegen  0.09/turn              (no ring)

@: no status effects
A: negative energy resistance 1, electricity resistance, unbreathing,
petrification resistance, miasma immunity, AC +3
a: no special abilities


You were on level 3 of the Dungeon.
You visited 1 branch of the dungeon, and saw 3 of its levels.

You collected 108 gold pieces.

Inventory:

Missiles
 n - 7 javelins (quivered)
Armour
 a - a +0 scale mail (worn)
 b - a +0 kite shield (worn)
 i - a +0 pair of gloves (worn)
Jewellery
 f - an uncursed ring of protection from fire {unknown}
 l - a cursed ring of attention {unknown}
Scrolls
 d - 2 scrolls of teleportation
 g - a scroll of enchant armour {unknown}
 h - 2 scrolls of identify {unknown}
 o - a scroll of blinking {unknown}
 p - a scroll of amnesia {unknown}
Potions
 c - a potion of might
 e - 2 potions of curing {unknown}
 j - a potion of flight {unknown}
 k - a potion of heal wounds {unknown}
 m - a potion of degeneration {unknown}


   Skills:
 + Level 3.5 Fighting
 + Level 4.1 Armour
 + Level 0.5 Dodging
 + Level 3.8 Shields
 + Level 3.2 Unarmed Combat


You had 3 spell levels left.
You didn't know any spells.
Your spell library was empty.

Dungeon Overview and Level Annotations

Branches:
Dungeon (3/15)

Altars:
Wu Jian


Innate Abilities, Weirdness & Mutations

You are resistant to torment.
Your stone body is resilient. (AC +3)
You are immune to poison.
You resist negative energy. (rN+)
You are resistant to electric shocks. (rElec)
You can survive without breathing.
You are immune to petrification.
You are immune to miasma.


Message History

The water moccasin bites you but does no damage.
You closely miss the water moccasin.
The water moccasin is severely wounded.
The water moccasin bites you but does no damage. x2
You miss the water moccasin.
The water moccasin is severely wounded.
The water moccasin bites you but does no damage.
You miss the water moccasin.
The water moccasin is severely wounded.
The water moccasin bites you but does no damage.
The water moccasin closely misses you.
You hit the water moccasin.
The water moccasin is almost dead.
You block the water moccasin's attack.
You closely miss the water moccasin.
The water moccasin is almost dead.
The water moccasin bites you.
* * * LOW HITPOINT WARNING * * *
The water moccasin bites you.
You die...

#..........##.##.#
#.##.#.........#.# #.
#...........#.#
##.##...#######.#.#
..............# .#.#
####........#.###.#.#
#####..........#.#
###..#o..........
#...@Sg....[###
#......#o........
......#+#......#.#
....## #......... ..#
#....##... #
#......... #######...


You could see a water moccasin, 2 orcs and a hobgoblin.

Vanquished Creatures
  3 adders (D:2)
  An ooze (D:1)
  A worm (D:2)
  2 dart slugs (D:1)
  2 leopard geckos (D:1)
  A ball python (D:2)
  A giant cockroach (D:2)
  5 goblins
  3 hobgoblins
  5 jackals
  8 kobolds
  A quokka (D:2)
  7 bats
  3 frilled lizards
  7 rats
50 creatures vanquished.

Notes
Turn   | Place    | Note
-------+----------+-------------------------------------------
     0 | D:1      | rebelwolf the Gargoyle Fighter began the quest for the Orb.
     0 | D:1      | Reached XP level 1. HP: 14/14 MP: 1/1
   542 | D:1      | Reached XP level 2. HP: 17/19 MP: 2/2
  1174 | D:1      | Reached XP level 3. HP: 23/23 MP: 3/3
  1216 | D:1      | You fall into a shaft and drop 1 floor!
  1499 | D:2      | Reached skill level 4 in Armour
  1707 | D:1      | Reached XP level 4. HP: 28/28 MP: 4/4
  2910 | D:3      | Found an ornate altar of the Wu Jian Council.
  2958 | D:3      | Noticed a water moccasin
  2985 | D:3      | Slain by a water moccasin

Illustrated notes

Levels and vault maps discovered:
D:1:      dpeg_arrival_circle_labyrinth_a, layout_basic, serial_forest,
          infiniplex_forest_straight_4, infiniplex_forest_end_2,
          infiniplex_forest_lined_corner, infiniplex_forest_corner_1
D:2:      layout_basic, minmay_tetromino_o2
D:3:      minmay_razor_zed, layout_basic, nzn_wu_jian_council_hall,
          ebering_ghost_sewer_d, grunt_dithmenos_smoke

Skill      XL: |  1  2  3  4 |
---------------+-------------+-----
Armour         | 4 |  4.1
Unarmed Combat | 3 |  3.2
Fighting       | |  3.5
Dodging        | |  0.5
Shields        | |  3.8

Action                   |  1- 3 |  4- 6 || total
-------------------------+-------+-------++-------
Melee: Unarmed           |   144 |    79 ||   223
  Use: Scroll            |     2 |       ||     2
Armor: Scale mail        |   132 |    39 ||   171
Dodge: Dodged            |    72 |    25 ||    97
Block: Kite shield       |   118 |    61 ||   179

Table legend: (Time is in decaauts)
 A = Elapsed time spent in this place.
 B = Non-inter-level travel time spent in this place.
 C = Inter-level travel time spent in this place.
 D = Time resting spent in this place.
 E = Time spent auto-exploring this place.
 F = Levels seen in this place.
 G = Mean time per level.
                   A        B        C        D        E       F      G
               +--------+--------+--------+--------+--------+-----+--------+
         Total |   3025 |   2914 |    111 |    702 |   1380 |   3 | 1008.3 |
       Dungeon |   3025 |   2914 |    111 |    702 |   1380 |   3 | 1008.3 |
               +--------+--------+--------+--------+--------+-----+--------+

Top non-repeatable levels by time:
     D:1: 1739 daAuts
     D:2: 1207 daAuts
     D:3: 78 daAuts
